 Dungeon Crawl Stone Soup version 0.27-a0-1196-g3e9cee4 (webtiles) character file.

Game seed: 5870765512619910101

263 Meow the Sneak (level 6, 49/49 HPs)
             Began as a Naga Venom Mage on May 27, 2021.
             Quit the game on level 3 of the Dungeon.
             The game lasted 00:09:38 (2849 turns).

Meow the Sneak (Naga Venom Mage)                    Turns: 2849, Time: 00:09:38

Health: 49/49      AC: 11    Str: 10    XL:     6   Next: 19%
Magic:  7/11       EV:  9    Int: 18    God:
Gold:   97         SH:  0    Dex: 11    Spells: 5/12 levels left

rFire    . . .     SeeInvis +   a - +0 hunting sling
rCold    . . .     Faith    .   (no shield)
rNeg     . . .     Spirit   .   d - +0 robe
rPois    +         Reflect  .   o - +2 helmet
rElec    .         Harm     .   r - +0 cloak
rCorr    .         Rampage  .   (no gloves)
Will     .....                  (no barding)
Stlth    +++.......             (no amulet)
HPRegen  0.16/turn              n - +4 ring of protection
MPRegen  0.12/turn              (no ring)

@: short of breath, very slow
A: AC +2, large, see invisible, deformed body, poison resistance, slowness 2,
spit poison 1, naga tail 1
a: Spit Poison


You were on level 3 of the Dungeon.
You visited 1 branch of the dungeon, and saw 3 of its levels.

You collected 97 gold pieces.

Inventory:

Hand Weapons
 a - a +0 hunting sling (weapon)
 b - a +3 scythe of flaming
 q - a +0 dagger
Missiles
 e - 42 arrows
 g - 4 sling bullets
 l - 46 stones (quivered ammo)
Armour
 d - a +0 robe (worn)
 o - a +2 helmet (worn)
 r - a +0 cloak (worn)
Jewellery
 n - a +4 ring of protection (left hand)
Scrolls
 f - a scroll of blinking {unknown}
 h - a scroll of enchant weapon {unknown}
 j - a scroll of fear {unknown}
Potions
 c - a potion of cancellation {unknown}
 i - a potion of berserk rage
 k - 3 potions of heal wounds
 m - a potion of curing {unknown}
 p - 2 potions of degeneration {unknown}


   Skills:
 - Level 1.5 Dodging
 * Level 6.8 Stealth
 + Level 3.6 Spellcasting
 + Level 2.6 Conjurations
 - Level 1.0 Transmutations
 - Level 4.0 Poison Magic


You had 5 spell levels left.
You knew the following spells:

 Your Spells              Type           Power      Damage    Failure   Level
a - Sting                 Tmut/Pois      48%        1d5       5%          1
c - Mephitic Cloud        Conj/Pois/Air  11%        N/A       19%         3
C - Ignite Poison         Fire/Tmut/Pois 9%         N/A       24%         3

Your spell library contained the following spells:

 Spells                   Type           Power      Damage    Failure   Level
 Poisonous Vapours        Pois/Air       20%        N/A       11%         2
 Olgreb's Toxic Radiance  Pois           17%        N/A       28%         4


Dungeon Overview and Level Annotations

Branches:
Dungeon (3/15)

Altars:
Cheibriados
Makhleb
Yredelemnul
The Shining One


Innate Abilities, Weirdness & Mutations

Your serpentine skin is tough. (AC +2)
You have supernaturally acute eyesight. (SInv)
Armour fits poorly on your strangely shaped body.
Your system is resistant to poisons. (rPois)
You cover ground very slowly.
You can spit poison.
You have a snake-like lower body.


Message History

Unknown command.
You have got your breath back.
Press: ? - help, Shift-Dir - straight line, f - orc
Aim: an orc, wielding a +0 whip and wearing a +0 leather armour The splash of poison hits the orc wizard!
The orc wizard looks even sicker.
The orc wizard is almost dead.
The orc wizard barely misses you.
Unknown command.
Casting: Sting (safe; 5% risk of failure)
Confirm with . or Enter, or press ? or * to list all spells.
Aiming: Sting (safe; 5% risk of failure)
Press: ? - help, Shift-Dir - straight line, f/p - orc
Aim: an orc, wielding a +0 whip and wearing a +0 leather armour (71% to hit)
The sting hits the orc wizard.
The orc wizard looks even sicker.
You kill the orc wizard!
Casting: Sting (safe; 5% risk of failure)
Confirm with . or Enter, or press ? or * to list all spells.
Aiming: Sting (safe; 5% risk of failure)
Press: ? - help, Shift-Dir - straight line, f/p - orc
Aim: an orc, wielding a +0 whip and wearing a +0 leather armour (71% to hit)
The sting hits the orc but does no damage.
The orc is poisoned.
You have got your breath back.
The orc barely misses you.
Your magical contamination has completely faded away.
Casting: Sting (safe; 5% risk of failure)
Confirm with . or Enter, or press ? or * to list all spells.
Aiming: Sting (safe; 5% risk of failure)
Press: ? - help, Shift-Dir - straight line, f/p - orc
Aim: an orc, wielding a +0 whip and wearing a +0 leather armour (lightly wounded, poisoned, 71% to hit)
The sting hits the orc but does no damage.
The orc looks even sicker.
The orc is lightly wounded.
The orc hits you but does no damage.
Press: ? - help, Shift-Dir - straight line, f/p - orc
Aim: an orc, wielding a +0 whip and wearing a +0 leather armour (lightly wounded, very poisoned)
The splash of poison misses the orc.
The orc closely misses you.
Unknown command.
Are you sure you want to abandon this character and quit the game? (Confirm with "yes".)

#.#.....#.##
#.###......#
#.# #..._..#
#.###.._8_.##
#......._...#
######......#
###....#
#..###
########@##
#....).o.#
#.######.#
#.# ..# .## .
..


You could see an orc (very poisoned).

Vanquished Creatures
  Sigmund (D:2)
  An orc wizard (D:3)
  Terence (D:2)
  Robin (D:2)
  4 adders (D:2)
  An adder skeleton (D:2)
  A dart slug (D:2)
  An orc (D:3)
  4 ball pythons
  3 endoplasms (D:1)
  3 giant cockroaches (D:2)
  10 goblins
  6 hobgoblins
  8 jackals (D:1)
  2 quokkas (D:2)
  4 bats
  2 frilled lizards (D:1)
  6 kobolds
  A rat (D:2)
60 creatures vanquished.

Notes
Turn   | Place    | Note
-------+----------+-------------------------------------------
     0 | D:1      | Meow the Naga Venom Mage began the quest for the Orb.
     0 | D:1      | Reached XP level 1. HP: 15/15 MP: 3/3
   356 | D:1      | Reached XP level 2. HP: 8/22 MP: 0/5
   743 | D:1      | Found a faded altar of an unknown god.
   772 | D:1      | Reached skill level 1 in Conjurations
  1109 | D:1      | Reached XP level 3. HP: 28/28 MP: 7/7
  1113 | D:1      | Learned a level 3 spell: Ignite Poison
  1117 | D:1      | Learned a level 3 spell: Mephitic Cloud
  1659 | D:2      | Reached skill level 4 in Stealth
  1852 | D:2      | Reached XP level 4. HP: 36/36 MP: 6/8
  1959 | D:2      | Noticed Robin
  1964 | D:2      | Killed Robin
  2006 | D:2      | Noticed Sigmund
  2011 | D:2      | Noticed Terence
  2237 | D:2      | Reached skill level 5 in Stealth
  2283 | D:2      | Killed Terence
  2288 | D:2      | Killed Sigmund
  2289 | D:2      | Reached skill level 6 in Stealth
  2289 | D:2      | Reached XP level 5. HP: 42/42 MP: 2/10
  2460 | D:2      | Reached XP level 6. HP: 49/49 MP: 11/11
  2805 | D:3      | Found a burning altar of Makhleb.
  2806 | D:3      | Found a snail-covered altar of Cheibriados.
  2806 | D:3      | Found a glowing golden altar of the Shining One.
  2808 | D:3      | Found a basalt altar of Yredelemnul.
  2849 | D:3      | Quit the game

Illustrated notes

Levels and vault maps discovered:
D:1:      kilobyte_arrival_exit_the_forest, layout_loops_cross,
          basic_ecumenical_altar
D:2:      layout_loops_ring, st_stairs_4, uniq_terence, uniq_sigmund, uniq_robin
D:3:      layout_loops_ring, chequers_temple_overflow_statue_of_worship,
          kennysheep_potato

Skill      XL: |  1  2  3  4 |
---------------+-------------+-----
Conjurations   | 1 2 |  2.6
Stealth        | 4 6 |  6.8
Spellcasting   | 3 |  3.6
Dodging        | |  1.5
Transmutations | |  1.0
Poison Magic   | |  4.0

Action                   |  1- 3 |  4- 6 || total
-------------------------+-------+-------++-------
Melee: Dagger            |     3 |       ||     3
 Fire: Hunting sling     |    29 |    15 ||    44
Throw: Stone             |     4 |       ||     4
 Cast: Sting             |    21 |    19 ||    40
       Mephitic Cloud    |       |     4 ||     4
 Abil: Spit Poison       |    39 |    24 ||    63
  Use: Scroll            |       |     2 ||     2
Armor: Robe              |     7 |    11 ||    18
Dodge: Dodged            |    16 |    12 ||    28

Table legend: (Time is in decaauts)
 A = Elapsed time spent in this place.
 B = Non-inter-level travel time spent in this place.
 C = Inter-level travel time spent in this place.
 D = Time resting spent in this place.
 E = Time spent auto-exploring this place.
 F = Levels seen in this place.
 G = Mean time per level.
                   A        B        C        D        E       F      G
               +--------+--------+--------+--------+--------+-----+--------+
         Total |   3631 |   3428 |    203 |    692 |   2072 |   3 | 1210.3 |
       Dungeon |   3631 |   3428 |    203 |    692 |   2072 |   3 | 1210.3 |
               +--------+--------+--------+--------+--------+-----+--------+

Top non-repeatable levels by time:
     D:1: 2179 daAuts
     D:2: 1392 daAuts
     D:3: 59 daAuts
